 Dungeon Crawl Stone Soup version 0.21.1-1-g345015f (webtiles) character file.

126 shakethe the Chopper (level 5, -2/69 HPs)
             Began as a Hill Orc Gladiator on Feb 26, 2018.
             Slain by a goblin
             ... wielding a +0 dagger
             ... led by Robin
              (3 damage)
             ... on level 2 of the Dungeon.
             The game lasted 00:01:41 (1581 turns).

shakethe the Chopper (Hill Orc Gladiator)           Turns: 1581, Time: 00:01:41

Health: -2/69      AC:  4    Str: 22    XL:     5   Next: 9%
Magic:  5/5        EV: 12    Int:  9    God:
Gold:   108        SH:  0    Dex: 12    Spells: 4/4 levels left

rFire    . . .     SeeInvis .   a - +0 war axe
rCold    . . .     Gourm    .   (no shield)
rNeg     . . .     Faith    .   b - +0 leather armour
rPois    .         Spirit   .   c - +0 helmet
rElec    .         Reflect  .   (no cloak)
rCorr    .         Harm     .   (no gloves)
MR       .....                  (no boots)
Stlth    ..........             (no amulet)
HPRegen  0.21/turn              (no ring)
MPRegen  0.09/turn              (no ring)

@: berserking, slowed
A: no striking features
a: no special abilities


You were on level 2 of the Dungeon.
You were not hungry.

You visited 1 branch of the dungeon, and saw 2 of its levels.

You collected 108 gold pieces.

Inventory:

Hand Weapons
 a - a +0 war axe (weapon)
Missiles
 d - 3 throwing nets {=f, !d}
Armour
 b - a +0 leather armour (worn)
 c - a +0 helmet (worn)
Jewellery
 h - a cursed -2 ring of dexterity {unknown}
   (You found it on level 1 of the Dungeon)
Scrolls
 e - 5 scrolls of remove curse {unknown}
 g - a scroll of fog {unknown}
 j - a scroll of amnesia {unknown}
 k - a scroll of enchant armour {unknown}
 l - 2 scrolls of fear {unknown}
 p - a scroll of teleportation {unknown}
 q - a scroll of identify {unknown}
 s - a scroll of magic mapping {unknown}
Potions
 i - 2 potions of invisibility {unknown}
 m - a potion of brilliance {unknown}
 n - 2 potions of magic {unknown}
 o - a potion of resistance {unknown}
Comestibles
 f - 2 rations


   Skills:
 + Level 3.9 Fighting
 * Level 6.4 Axes
 - Level 1.7 Throwing
 - Level 0.8 Armour
 - Level 2.4 Dodging


You had 4 spell levels left.
You didn't know any spells.

Dungeon Overview and Level Annotations

Branches:
Dungeon (2/15)

Altars:
Hepliaklqana

Annotations:
D:2 Natasha, Robin


Message History

Unknown command.
You barely miss the adder.
You feel sick. The adder misses you.
You take 1 damage, and have 25/40 hp.
Unknown command.
You barely miss the adder. The adder bites you but does no damage.
The adder bites you.
You take 1 damage, and have 24/40 hp.
Unknown command.
You miss the adder.
You feel sick. The adder barely misses you.
You take 1 damage, and have 23/40 hp.
Unknown command.
You hit the adder.
You feel sick. The adder bites you. The adder bites you but does no damage.
You take 4 damage, and have 19/40 hp.
You hit the adder. The adder bites you but does no damage.
Unknown command.
You slash the adder!
You kill the adder!
You have reached level 5!
You feel stronger.
You feel sick.
You regained 2 hp, and now have 21/46 hp.
MP restored: 5 You see here an adder corpse.
You start resting.
You feel sick. x6
You are no longer poisoned.
You take 4 damage, and have 18/46 hp.
You start resting.
Natasha, Servant of Life and Death comes into view.
You regained 20 hp, and now have 38/46 hp.
Natasha hisses angrily.
You hear an angry hiss.
A goblin comes into view.
A goblin comes into view. It is wielding a dagger.
The goblin shouts!
You hear a shout! x5
The goblin wields a hunting sling.
The goblin shoots a stone.
The stone barely misses you.
A frilled lizard, a goblin and a hobgoblin come into view. 2 goblins come into view.
The goblin shouts! x2; You hear a shout! x3
Natasha casts a spell.
Robin of the Strong Arm comes into view.
She is wielding an enchanted mace.
You barely miss Natasha. Robin throws the goblin at you!
The goblin shoots a stone.
The stone hits you. Natasha claws you! The goblin barely misses you.
You completely miss Natasha. You barely miss the goblin.
Robin roars a battlecry!
The goblins go into a battle-frenzy!
The iron imp shouts, "Face thy requiem, thou currish spur-galled scut!"
Natasha casts a spell at you.
You feel yourself slow down. The goblin hits you with a dagger.
A goblin comes into view. It is wielding a dagger.
The goblin shouts!
You hit Natasha. You barely miss the goblin. You hit the goblin.
The goblin barely misses you.
Natasha stares at you and mumbles some strange words.
You resist with some effort. The goblin closely misses you.
Robin roars a battlecry!
The goblin hits you but does no damage. Natasha completely misses you.
The goblin hits you with a dagger.
A hobgoblin comes into view. It is wielding a club.
You are too injured to fight recklessly!
You take 11 damage, and have 27/46 hp.
MASSIVE DAMAGE!!
You barely miss Natasha. You barely miss the goblin.
You closely miss the goblin. The goblin closely misses you. Natasha claws you!
The goblin hits you but does no damage. The goblin barely misses you.
The hobgoblin closely misses you.
Natasha barely misses you. 3 goblins and a hobgoblin come into view.
You take 7 damage, and have 20/46 hp.
It was a potion of berserk rage.
A red film seems to cover your vision as you go berserk!
You feel yourself moving faster!
You feel mighty!
The goblin shouts!
The hobgoblin shouts!
You hear a shout!
The goblin hits you with a dagger! Robin throws the goblin at you!
The goblin closely misses you. The goblin barely misses you.
The hobgoblin hits you but does no damage.
Natasha claws you.
* * * LOW HITPOINT WARNING * * *
The goblin hits you with a dagger.
* * * LOW HITPOINT WARNING * * *
A goblin comes into view.
You now have 13/69 hp.
You are too berserk!
Unknown command.
You slash Natasha! You barely miss the goblin. You miss the goblin.
You slash the hobgoblin!
You kill the hobgoblin!
You hit the goblin.
You kill the goblin!
The goblin hits you but does no damage.
Natasha stares at you and mumbles some strange words.
The magic dart hits you!
* * * LOW HITPOINT WARNING * * *
The goblin hits you with a dagger.
* * * LOW HITPOINT WARNING * * *
Robin throws the goblin at you!
* * * LOW HITPOINT WARNING * * *
The goblin hits you with a dagger.
You die...

#### #.#.#.#
##.####.### #.#
#.. #.####....
# ..# #.##
#.......# #....
<..
#...##.###.♣.♣.
..# .##
#....#.##.⌠...⌠
### #..#.#.†.♣
#......##...⌠..
#.#.gg.# .♣.♣.
#g@#.# ..
#....lh5#.# .♣
##...ggg#.< ..
#....g.#.## .
.......g..#
.......gg.#
..........#
##.. ..##.##.g.
....


You could see an iron imp, Robin, Natasha, a hobgoblin, 9 goblins and a frilled
lizard.

Vanquished Creatures
  Natasha (D:2)
  4 gnolls
  An adder (D:2)
  An ooze (D:1)
  A worm (D:2)
  3 dart slugs
  A giant cockroach (D:1)
  6 goblins
  6 hobgoblins
  6 kobolds
  7 bats
  4 frilled lizards
  2 rats
43 creatures vanquished.

Notes
Turn   | Place    | Note
-------+----------+-------------------------------------------
     0 | D:1      | shakethe the Hill Orc Gladiator began the quest for the Orb.
     0 | D:1      | Reached XP level 1. HP: 18/18 MP: 1/1
    27 | D:1      | Reached XP level 2. HP: 21/25 MP: 2/2
   264 | D:1      | Reached skill level 3 in Fighting
   264 | D:1      | Reached XP level 3. HP: 27/31 MP: 3/3
   361 | D:1      | Reached skill level 5 in Axes
   494 | D:2      | Found a hazy altar of Hepliaklqana.
   513 | D:1      | HP: 3/31 [gnoll/whip (7)]
   796 | D:2      | Reached XP level 4. HP: 33/38 MP: 4/4
   892 | D:2      | Found a faded altar of an unknown god.
  1028 | D:2      | Noticed Natasha
  1043 | D:2      | Killed Natasha
  1043 | D:2      | Reached skill level 6 in Axes
  1046 | D:2      | HP: 7/40 [dart slug/slug dart (6)]
  1421 | D:2      | Reached XP level 5. HP: 22/46 MP: 5/5
  1573 | D:2      | Noticed Natasha
  1576 | D:2      | Noticed Robin
  1580 | D:2      | HP: 17/69 [Natasha (4)]
  1581 | D:2      | HP: 6/69 [Natasha/magic dart (7)]
  1581 | D:2      | HP: 1/69 [Robin/goblin (2)]
  1581 | D:2      | Slain by a goblin

Skill      XL: |  1  2  3  4 |
---------------+-------------+-----
Fighting       | 3 |  3.9
Axes           | 5 6 |  6.4
Throwing       | |  1.7
Armour         | |  0.8
Dodging        | |  2.4

Action                   |  1- 3 |  4- 6 || total
-------------------------+-------+-------++-------
Melee: War axe           |    84 |    58 ||   142
  Use: Potion            |       |     1 ||     1
  Eat: Chunk             |       |     2 ||     2
Armor: Leather armour    |    24 |    14 ||    38
Dodge: Dodged            |    62 |    44 ||   106

Vault maps used:
D:1:      elethiomel_arrival_shortcut, st_stairs_1
D:2:      old_standard_altar, chequers_ecumenical_altar_twisty,
          kennysheep_minor_cross, kennysheep_crisscross, led_sif_pool,
          uniq_crazy_yiuf_cottage, uniq_natasha, uniq_robin

Table legend:
 A = Turns spent in this place as a percentage of turns spent in the entire game.
 B = Non-inter-level travel turns spent in this place as a percentage of non-inter-level travel turns spent in the entire game.
 C = Inter-level travel turns spent in this place as a percentage of turns spent in this place.
 D = Turns resting spent in this place as a percentage of non-inter-level travel turns spent in this place.
 E = Turns spent auto-exploring this place as a percentage of non-inter-level travel turns spent in this place.
 F = Non-inter-level travel turns spent in this place divided by the number of levels of this place that you've seen.
                   A       B       C       D       E      F
               +-------+-------+-------+-------+-------+----------------------
         Total | 100.0 | 100.0 |   2.3 |  42.0 |  40.9 | 772.5
       Dungeon | 100.0 | 100.0 |   2.3 |  42.0 |  40.9 | 772.5
               +-------+-------+-------+-------+-------+----------------------

Table legend:
 A = Kills in this place as a percentage of kills in entire the game.
 B = Kills by you in this place as a percentage of kills by you in the entire game.
 C = Kills by friends in this place as a percentage of kills by friends in the entire game.
 D = Other kills in this place as a percentage of other kills in the entire game.
 E = Experience gained in this place as a percentage of experience gained in the entire game.
 F = Experience gained in this place divided by the number of levels of this place that you have seen.
                   A       B       C       D       E      F
               +-------+-------+-------+-------+-------+----------------------
         Total | 100.0 | 100.0 |   N/A |   N/A | 100.0 |  90.0
       Dungeon | 100.0 | 100.0 |   N/A |   N/A | 100.0 |  90.0
               +-------+-------+-------+-------+-------+----------------------
